 Dungeon Crawl Stone Soup version 0.29-a0-330-g52719c12eb (webtiles) character file.

Game seed: 9759318853884518892

4008 kae the Arsonist (level 9, -9/75 HPs)
             Began as a Demigod Fire Elementalist on May 30, 2022.
             Mangled by a two-headed ogre
             ... wielding a +0 dire flail
              (23 damage)
             ... on level 8 of the Dungeon.
             The game lasted 00:07:11 (10579 turns).

kae the Arsonist (Demigod Fire Elementalist)       Turns: 10579, Time: 00:07:12

Health: -9/75      AC:  9    Str:  9    XL:     9   Next: 73%
Magic:  14/21      EV: 12    Int: 29    God:
Gold:   287        SH:  0    Dex: 14    Spells: 6/19 levels left

rFire   . . .      SeeInvis .   k - +2 hand axe (elec)
rCold   . . .      Faith    .   (no shield)
rNeg    . . .      Spirit   .   D - +0 steam dragon scales
rPois   .          Reflect  .   v - +2 helmet
rElec   .          Harm     .   o - +0 cloak
rCorr   +          Rampage  .   (no gloves)
Will    .....                   (no boots)
Stlth   ++........              (no amulet)
HPRegen 0.22/turn               i - ring of flight
MPRegen 0.17/turn               t - ring of resist corrosion

@: flying
A: high MP 1, forlorn, divine attributes
a: no special abilities


You were on level 8 of the Dungeon.
You visited 1 branch of the dungeon, and saw 9 of its levels.
You also visited: Sewer.

You collected 472 gold pieces.
You spent 185 gold pieces at shops.

Inventory:

Hand Weapons
 h - a +0 short sword
 k - a +2 hand axe of electrocution (weapon)
Missiles
 x - 2 throwing nets
Armour
 a - a +0 robe
 o - a +0 cloak (worn)
 v - a +2 helmet (worn)
 D - +0 steam dragon scales (worn)
Jewellery
 i - a ring of flight (left hand)
 t - a ring of resist corrosion (right hand)
 y - a ring of protection from cold
Wands
 r - a wand of digging (7)
 s - a wand of flame (31)
 u - a wand of iceblast (11)
 B - a wand of paralysis (15)
Scrolls
 j - a scroll of holy word
 n - 6 scrolls of teleportation
 p - 2 scrolls of fog
 C - a scroll of amnesia
Potions
 b - 2 potions of magic
 c - 2 potions of haste
 d - 3 potions of degeneration
 e - 2 potions of curing
 f - 3 potions of invisibility
 g - a potion of berserk rage
 l - 5 potions of mutation
 m - 2 potions of heal wounds
 q - a potion of might
 w - a potion of ambrosia
 A - 2 potions of lignification


   Skills:
 + Level 5.7 Fighting
 - Level 1.7 Dodging
 - Level 1.7 Stealth
 + Level 5.6 Spellcasting
 * Level 8.6 Conjurations
 * Level 9.0 Fire Magic


You had 6 spell levels left.
You knew the following spells:

 Your Spells              Type           Power      Damage    Failure   Level
a - Foxfire               Conj/Fire      100%       2x1d9     1%          1
b - Scorch                Fire           100%       2d10      1%          2
c - Conjure Flame         Conj/Fire      56%        6-21      1%          3
d - Inner Flame           Hex/Fire       34%        N/A       2%          3
e - Flame Wave            Conj/Fire      56%        2d11      1%          4

Your spell library contained the following spells:

 Spells                   Type           Power      Damage    Failure   Level
 Animate Skeleton         Necr           16%        N/A       6%          1
 Pain                     Necr           32%        1d5       6%          1
 Blink                    Tloc           16%        N/A       9%          2
 Ensorcelled Hibernation  Hex/Ice        16%        N/A       9%          2
 Gell's Gravitas          Tloc           8%         N/A       19%         3
 Spider Form              Tmut/Pois      8%         N/A       19%         3
 Teleport Other           Tloc           8%         N/A       19%         3
 Vampiric Draining        Necr           8%         2d6       19%         3
 Anguish                  Hex/Necr       4%         N/A       52%         4
 Manifold Assault         Tloc           8%         N/A       86%         5
 Dispersal                Tloc           4%         N/A       100%        6
 Storm Form               Tmut/Air       4%         N/A       100%        7


Dungeon Overview and Level Annotations

Branches:
Dungeon (9/15)             Temple (0/1) D:6           Sewer (visited)
   Lair: D:8-11         Orc: D:9-12

Shops:
D:3 *   D:5 *[[*:

Portals:
Bailey: D:8

Annotations:
D:5 1 runed translucent door, Crazy Yiuf


Innate Abilities, Weirdness & Mutations

You have an increased reservoir of magic. (+10% MP)
You shall have no god before yourself.
Your divine heritage dramatically boosts your attributes as you level up.


Message History

The deep elf pyromancer is lightly wounded.
The deep elf pyromancer is engulfed in a cloud of scalding steam.
The deep elf pyromancer casts a spell at you.
The bolt of fire misses you.
You hear two shouts!
Casting: Foxfire (safe; 1% risk of failure)
Confirm with . or Enter, or press ? or * to list all spells.
Flames lash the deep elf pyromancer.
The deep elf pyromancer is heavily wounded.
The deep elf pyromancer's fire resistance burns away.
The deep elf pyromancer is engulfed in a cloud of scalding steam.
The deep elf pyromancer hits you but does no damage.
The deep elf pyromancer is engulfed in a cloud of scalding steam.
You kill the deep elf pyromancer!
You hear a splash.
Your Fire Magic skill increases to level 9!
Unknown command.
You hear the creaking of a portcullis.
Found a stone staircase leading up.
Casting: Scorch (safe; 1% risk of failure)
Confirm with . or Enter, or press ? or * to list all spells.
You conjure some foxfire!
The foxfire hits the two-headed ogre.
The two-headed ogre is lightly wounded.
Your foxfire dissipates!
Casting: Foxfire (safe; 1% risk of failure)
Confirm with . or Enter, or press ? or * to list all spells.
You conjure some foxfire!
The two-headed ogre hits you with a +0 dire flail!
The two-headed ogre hits you with a +0 giant club!!
* * * LOW HITPOINT WARNING * * *
The foxfire hits the two-headed ogre.
The two-headed ogre is lightly wounded.
The foxfire hits the two-headed ogre.
The two-headed ogre is lightly wounded.
The two-headed ogre is engulfed in a cloud of scalding steam.
The two-headed ogre hits you with a +0 dire flail.
* * * LOW HITPOINT WARNING * * *
The two-headed ogre hits you with a +0 giant club!!
You die...

#. #. ...# #.# #
#.......# #.#
#.......# #.# ###.
....< #.# . ... ..O
#.# .# #..###.###.#
###.# .# #
........##.###...##.#
# #≈≈≈≈@O≈≈)))≈≈≈≈#.#
# #≈###.......###≈..#
# ######### #≈..# #
##≈..# # #.≈### #
.... .≈g# #.≈######
...."≈$# #.≈.))...
<...≈o∩ #.≈######
..#≈.# #.≈######


You could see a two-headed ogre.

Vanquished Creatures
  A deep elf pyromancer (D:8)
  An unseen horror (D:7)
  Grinder (Sewer)
  Sigmund (D:3)
  2 steam dragons
  2 sky beasts
  2 orc warriors
  2 ice beasts
  A centaur (D:7)
  A phantom (D:5)
  3 kobold brigands
  A bullfrog (D:6)
  3 necrophages
  2 scorpions
  6 wights
  A jelly (D:6)
  A gnoll shaman (D:6)
  5 orc priests
  5 hounds
  Ijyb (D:3)
  Natasha (D:3)
  4 iguanas
  4 orc wizards
  11 gnolls
  7 adders
  2 shadow imps (Sewer)
  A white imp (D:5)
  3 ufetubi
  4 worms
  4 dart slugs
  25 orcs
  A bat zombie (Sewer)
  11 endoplasms
  3 giant cockroaches
  11 goblins
  5 hobgoblins
  7 jackals
  11 quokkas
  7 ball pythons
  5 bats
  4 frilled lizards
  A giant cockroach zombie (Sewer)
  28 kobolds
  4 rats
206 creatures vanquished.

Vanquished Creatures (others)
  553 foxfires
553 creatures vanquished.

Grand Total: 759 creatures vanquished

Notes
Turn   | Place    | Note
-------+----------+-------------------------------------------
     0 | D:1      | kae the Demigod Fire Elementalist began the quest for the
                  | Orb.
     0 | D:1      | Reached XP level 1. HP: 14/14 MP: 5/5
   107 | D:1      | Reached skill level 1 in Conjurations
   584 | D:1      | Reached XP level 2. HP: 22/22 MP: 4/7
   748 | D:1      | Reached skill level 3 in Fire Magic
  1382 | D:2      | Learned a level 2 spell: Scorch
  1542 | D:2      | Reached XP level 3. HP: 27/27 MP: 3/8
  2117 | D:2      | Reached skill level 1 in Fighting
  3105 | D:3      | Reached XP level 4. HP: 35/35 MP: 7/10
  3257 | D:3      | Noticed Sigmund
  3257 | D:3      | Noticed Natasha
  3257 | D:3      | Noticed a sky beast
  3548 | D:3      | Learned a level 3 spell: Conjure Flame
  3801 | D:3      | Noticed Ijyb
  3826 | D:3      | Reached skill level 7 in Fire Magic
  3826 | D:3      | Reached XP level 5. HP: 16/46 MP: 5/14
  3832 | D:3      | Killed Ijyb
  4054 | D:3      | Found Derogua's Assorted Antiques.
  4083 | D:3      | Killed Natasha
  4117 | D:3      | Killed Sigmund
  4118 | D:3      | Reached XP level 6. HP: 44/53 MP: 11/15
  4274 | D:3      | Bought a scroll of teleportation for 75 gold pieces
  4542 | D:4      | Found a glowing drain.
  4546 | Sewer    | Entered a sewer
  4809 | Sewer    | Reached XP level 7. HP: 60/60 MP: 13/17
  5057 | Sewer    | Noticed Grinder
  5086 | Sewer    | Killed Grinder
  5747 | D:4      | Noticed a steam dragon
  6219 | D:5      | Entered Level 5 of the Dungeon
  6227 | D:5      | Reached XP level 8. HP: 67/67 MP: 14/18
  6333 | D:5      | Learned a level 4 spell: Flame Wave
  6348 | D:5      | Learned a level 3 spell: Inner Flame
  6642 | D:5      | Reached skill level 5 in Spellcasting
  6642 | D:5      | Reached skill level 8 in Fire Magic
  6719 | D:5      | Reached skill level 5 in Fighting
  6877 | D:5      | Found a runed translucent door.
  6884 | D:5      | Noticed Crazy Yiuf
  6934 | D:5      | Found Xyumyn Fach's General Store.
  6936 | D:5      | Found Sompad's Armour Boutique.
  6936 | D:5      | Found Sofepp's Assorted Antiques.
  6937 | D:5      | Found Zacsewam's Book Boutique.
  6937 | D:5      | Found Sevun's Antique Armour Shoppe.
  6943 | D:5      | Bought a black potion for 26 gold pieces
  6943 | D:5      | Bought a black potion for 26 gold pieces
  6943 | D:5      | Bought a scroll of identify for 58 gold pieces
  8201 | D:6      | Found a staircase to the Ecumenical Temple.
  8527 | D:7      | Reached XP level 9. HP: 14/74 MP: 8/20
  8950 | D:7      | Killed an unseen horror
 10507 | D:8      | Found a flagged portal.
 10508 | D:8      | You are sucked into a shaft and drop 1 floor!
 10564 | D:8      | Noticed a deep elf pyromancer
 10567 | D:8      | Noticed a two-headed ogre
 10570 | D:8      | Killed a deep elf pyromancer
 10571 | D:8      | Reached skill level 9 in Fire Magic
 10579 | D:8      | Mangled by a two-headed ogre

Illustrated notes

Levels and vault maps discovered:
D:1:      psy_arrival_radial01, layout_basic, nicolae_wormholes
D:2:      layout_loops_corners, minmay_liquid_box
D:3:      layout_basic, nemelex_spade_bored_becter, serial_shops,
          nicolae_shop_temple_entry_statues_fountains, bh_walls_and_bars,
          uniq_sigmund, uniq_natasha, uniq_ijyb
D:4:      layout_loops_ring, gup_sewer_entry_bowl, minmay_fractal_squares_5
D:5:      layout_loops_ring, nicolae_wooded_promenade, uniq_crazy_yiuf_cottage
D:6:      layout_cave_pools, minmay_temple_entry_fiery, nrook_uturn
D:7:      layout_gridville, nrook_loot_triangle
D:8:      minmay_chambers_of_sixes, layout_loops_ring, lair_entry_dummy,
          lightli_bailey_entry_fortress
D:9:      layout_rooms

Skill      XL: |  1  2  3  4  5  6  7  8  9 |
---------------+----------------------------+-----
Conjurations   | 1 2 6 7 8 |  8.6
Fire Magic     | 3 7 8 9 |  9.0
Spellcasting   | 2 4 5 |  5.6
Fighting       | 1 4 5 |  5.7
Dodging        | |  1.7
Stealth        | |  1.7

Action                   |  1- 3 |  4- 6 |  7- 9 || total
-------------------------+-------+-------+-------++-------
Melee: Short sword       |     7 |       |       ||     7
       Hand axe          |     7 |     5 |    22 ||    34
 Cast: Foxfire           |    92 |    50 |   183 ||   325
       Scorch            |     6 |    19 |    19 ||    44
       Flame Wave        |       |       |    12 ||    12
  Use: Scroll            |     5 |     8 |     9 ||    22
       Potion            |       |     6 |     2 ||     8
Armor: Robe              |     9 |     4 |    33 ||    46
       Skin              |       |     6 |       ||     6
       Steam dragon scal |       |       |     5 ||     5
Dodge: Dodged            |    32 |    14 |   111 ||   157

Table legend: (Time is in decaauts)
 A = Elapsed time spent in this place.
 B = Non-inter-level travel time spent in this place.
 C = Inter-level travel time spent in this place.
 D = Time resting spent in this place.
 E = Time spent auto-exploring this place.
 F = Levels seen in this place.
 G = Mean time per level.
                   A        B        C        D        E       F      G
               +--------+--------+--------+--------+--------+-----+--------+
         Total |  10597 |  10074 |    523 |    631 |   7986 |  10 | 1059.7 |
       Dungeon |   9918 |   9395 |    523 |    631 |   7511 |   9 | 1102.0 |
         Sewer |    678 |    678 |      0 |      0 |    475 |   1 |  678.0 |
               +--------+--------+--------+--------+--------+-----+--------+

Top non-repeatable levels by time:
     D:3: 1790 daAuts
     D:2: 1752 daAuts
     D:7: 1589 daAuts
     D:6: 1409 daAuts
     D:4: 1221 daAuts
     D:5: 986 daAuts
     D:1: 900 daAuts
   Sewer: 678 daAuts
     D:8: 253 daAuts
     D:9: 13 daAuts
